 Dungeon Crawl Stone Soup version 0.25-a0-576-g50b708a (webtiles) character file.

Game seed: 14742659328899109682, levelgen mode: deterministic

429 Auros the Changer (level 6, -4/41 HPs)
             Began as a Merfolk Transmuter on Mar 1, 2020.
             Was a Believer of Hepliaklqana.
             Slain by an orc wizard
             ... wielding a +0 dagger
              (5 damage)
             ... on level 4 of the Dungeon.
             The game lasted 00:21:45 (2983 turns).

Auros the Changer (Merfolk Transmuter)              Turns: 2983, Time: 00:21:46

Health: -4/41      AC:  2    Str: 10    XL:     6   Next: 98%
Magic:  7/10       EV: 22    Int: 14    God:    Hepliaklqana [**....]
Gold:   83         SH:  0    Dex: 20    Spells: 4/10 levels left

rFire    . . .     SeeInvis .     - Unarmed
rCold    . . .     Gourm    .   (shield currently unavailable)
rNeg     . . .     Faith    .   (armour currently unavailable)
rPois    x         Spirit   .   (helmet currently unavailable)
rElec    .         Reflect  .   (cloak currently unavailable)
rCorr    .         Harm     .   (gloves currently unavailable)
MR       .....                  (boots currently unavailable)
Stlth    ++........             (no amulet)
HPRegen  0.13/turn              (no ring)
MPRegen  0.12/turn              (no ring)

@: about to teleport, spider-form (expiring)
A: tiny, (change form in water), (swift swim), (stealthy swim), reduced essence
a: End Transformation, Recall Ancestor, Ancestor Identity, Renounce Religion


You were on level 4 of the Dungeon.
You worshipped Hepliaklqana.
Hepliaklqana was pleased with you.
You were not hungry.
You were a venomous arachnid creature.
You visited 1 branch of the dungeon, and saw 4 of its levels.

You collected 83 gold pieces.

Inventory:

Hand Weapons
 f - a cursed -1 hunting sling
Missiles
 a - 67 arrows
 h - 32 poisoned darts
 n - 16 bolts
 o - 19 sling bullets
 Z - 136 stones (quivered)
Armour
 b - a +0 robe (melded)
 g - a +2 pair of gloves (melded)
Wands
 u - a wand of iceblast (13)
Scrolls
 e - 3 scrolls of remove curse {unknown}
 i - 7 scrolls of identify
 j - 2 scrolls of enchant armour {unknown}
 p - 2 scrolls of amnesia {unknown}
 r - a scroll of magic mapping {unknown}
 t - 3 scrolls of teleportation
Potions
 d - a potion of heal wounds {unknown}
 k - 2 potions of stabbing
 l - a potion of flight {unknown}
 m - 3 potions of curing
 q - 2 potions of berserk rage {unknown}
 s - a potion of haste {unknown}
Comestibles
 z - 10 rations


   Skills:
 + Level 2.4 Fighting
 + Level 3.7 Dodging
 + Level 4.7 Unarmed Combat
 + Level 2.6 Spellcasting
 + Level 6.4 Transmutations
 - Level 2.0 Poison Magic


You had 4 spell levels left.
You knew the following spells:

 Your Spells              Type           Power        Failure   Level  Hunger
a - Beastly Appendage     Tmut           ###...       7%          1    #......
b - Spider Form           Tmut/Pois      ##........   28%         3    ###....
c - Sticks to Snakes      Tmut           ###.....     9%          2    ###....

Your spell library contained the following spells:

 Spells                   Type           Power        Failure   Level  Hunger
 Ice Form                 Ice/Tmut       ##......     73%         4    #####..
 Petrify                  Tmut/Erth      ##......     73%         4    #####..
 Confusing Touch          Hex            #.......     75%         3    ###....
 Gell's Gravitas          Tloc           #.........   75%         3    ###....
 Blade Hands              Tmut           ###.......   63%         5    ######.
 Yara's Violent Unravell  Hex/Tmut       ##........   95%         5    ######.
 Metabolic Englaciation   Hex/Ice        #.........   100%        5    ######.


Dungeon Overview and Level Annotations

Branches:
Dungeon (4/15)
 Temple: D:4-7

Altars:
Hepliaklqana
Makhleb
Qazlal
Ru


Message History

The orc wizard resists with some effort.
You hit the orc wizard but do no damage.
The orc wizard is poisoned.
The orc wizard points at you and mumbles some strange words.
The magic dart hits you!
* * * LOW HITPOINT WARNING * * *
Annie barely misses the orc wizard.
You hit the orc wizard.
The orc wizard looks as sick as possible!
The orc wizard is lightly wounded.
The orc wizard misses you.
The orc priest mumbles some strange prayers to Beogh against you.
Beogh smites you!
* * * LOW HITPOINT WARNING * * *
As you read the scroll labeled TOBLAF QAUM, it crumbles to dust.
You feel strangely unstable.
It was a scroll of teleportation.
t - 3 scrolls of teleportation;
g - a +2 pair of gloves (melded) Annie hits the orc wizard but does no damage.
The orc wizard hits you with a +0 dagger.
You die...

... #.###.####
........# .. #........#
........' ..#######...#
........# ..# #...#
........# ..# #...#
........# #.# #...#
......R.# #.# ###...#
....o.o.####.####.....#
.......s)..)..........+
####.....)............#
#..................#
#...................#
.....................#
#.....#.............###
........######......#
#.⌠.⌠.#.# #......#
....... ##..##.#


You could see the friendly Annie the hexer, an orc priest and an orc wizard.

Vanquished Creatures
  2 scorpions (D:4)
  An orc priest (D:4)
  An orc wizard (D:4)
  A centaur skeleton (D:4)
  5 adders (D:2)
  6 gnolls
  2 dart slugs (D:1)
  2 leopard geckos
  2 giant cockroaches
  10 goblins
  7 hobgoblins
  5 jackals
  2 ball pythons
  7 bats
  A frilled lizard (D:3)
  8 kobolds
  7 rats
69 creatures vanquished.

Vanquished Creatures (collateral kills)
  An iguana (D:4)
  A gnoll (D:3)
  An adder (D:3)
  A worm (D:2)
  A dart slug (D:2)
  A leopard gecko (D:2)
  An orc (D:4)
  2 giant cockroaches (D:3)
  A goblin (D:3)
  A hobgoblin (D:2)
  4 jackals
  A quokka (D:2)
  2 frilled lizards
  A kobold (D:1)
  A rat (D:3)
20 creatures vanquished.

Vanquished Creatures (others)
  2 ancestors
2 creatures vanquished.

Grand Total: 91 creatures vanquished

Notes
Turn   | Place    | Note
-------+----------+-------------------------------------------
     0 | D:1      | Auros the Merfolk Transmuter began the quest for the Orb.
     0 | D:1      | Reached XP level 1. HP: 15/15 MP: 3/3
   238 | D:1      | Reached XP level 2. HP: 15/21 MP: 3/5
   429 | D:1      | Reached skill level 3 in Transmutations
   701 | D:1      | Reached XP level 3. HP: 26/26 MP: 6/6
   706 | D:1      | Learned a level 3 spell: Spider Form
   709 | D:1      | Learned a level 2 spell: Sticks to Snakes
   941 | D:1      | Reached skill level 4 in Transmutations
  1187 | D:2      | Found a faded altar of an unknown god.
  1189 | D:2      | Became a worshipper of Hepliaklqana the Forgotten
  1189 | D:2      | Reached * piety under Hepliaklqana
  1217 | D:2      | Reached XP level 4. HP: 28/28 MP: 7/7
  1246 | D:2      | Reached skill level 5 in Transmutations
  1504 | D:2      | Found a burning altar of Makhleb.
  1733 | D:2      | Reached skill level 1 in Poison Magic
  1793 | D:2      | Found a sacrificial altar of Ru.
  1845 | D:2      | Found a burning altar of Makhleb.
  1862 | D:2      | Reached XP level 5. HP: 31/33 MP: 5/8
  1954 | D:2      | Found a stormy altar of Qazlal.
  2357 | D:3      | Reached skill level 6 in Transmutations
  2467 | D:3      | Reached ** piety under Hepliaklqana
  2478 | D:3      | Remembered your ancestor Annie as a hexer
  2792 | D:4      | Reached XP level 6. HP: 31/39 MP: 9/9
  2982 | D:4      | HP: 1/41 [orc priest/divine providence (11)]
  2983 | D:4      | Slain by an orc wizard

Levels and vault maps discovered:
D:1:      scummos_arrival_simple_fountains, layout_basic
D:2:      layout_rooms, old_standard_altar, nicolae_qazlal_general_emergency,
          lemuel_doored_altar, chequers_ecumenical_altar_twisty,
          kennysheep_flooded_box, item_on_display_a
D:3:      layout_rooms
D:4:      layout_basic, minitemple, kennysheep_little_box,
          nemelex_xobeh_ov_fountains_minmay, elyvilon_altar_5

Skill      XL: |  1  2  3  4  5  6 |
---------------+-------------------+-----
Unarmed Combat | 4 |  4.7
Transmutations | 3 4 5 6 |  6.4
Poison Magic   | 1 2 |  2.0
Dodging        | 3 |  3.7
Fighting       | 2 |  2.4
Spellcasting   | |  2.6

Action                   |  1- 3 |  4- 6 || total
-------------------------+-------+-------++-------
Melee: Unarmed           |    66 |   138 ||   204
       Headbutt          |     5 |       ||     5
       Punch             |     2 |     1 ||     3
 Cast: Beastly Appendage |     9 |       ||     9
       Sticks to Snakes  |     2 |       ||     2
       Spider Form       |     1 |    11 ||    12
Invok: Ancestor Identity |     1 |       ||     1
       Ancestor Life: He |       |     1 ||     1
       Recall Ancestor   |       |     1 ||     1
  Use: Scroll            |     1 |     1 ||     2
 Stab: Sleeping          |     1 |       ||     1
       Distracted        |       |     3 ||     3
  Eat: Chunk             |     2 |     7 ||     9
Armor: Robe              |    14 |    21 ||    35
       Skin              |     2 |     2 ||     4
Dodge: Dodged            |    62 |   110 ||   172

Table legend:
 A = Non-vault XP
 B = Vault XP
 C = Vault XP percentage of total XP
 D = Non-vault monster count
 E = Vault monster count
 F = Vault count percentage of total count
                 A         B        C        D         E       F
            +---------+---------+-------+---------+---------+-------
      Total |     614 |       0 |   0.0 |      89 |       0 |   0.0
            +---------+---------+-------+---------+---------+-------
        D:1 |      52 |       0 |   0.0 |      23 |       0 |   0.0
        D:2 |     147 |       0 |   0.0 |      33 |       0 |   0.0
        D:3 |     104 |       0 |   0.0 |      26 |       0 |   0.0
        D:4 |     311 |       0 |   0.0 |       7 |       0 |   0.0
            +---------+---------+-------+---------+---------+-------
